Map: 凯罗斯中转站-天梯版

Players

Time (Oliveira) - Winner!

  • Race: Terran Terran

ShahriarDeMi

  • Race: Terran Terran
  • League: Diamond

Event: WESG 2018 Grand Finals

VOD

Have the link to the VOD?

Description

Time

  • Played on: March 12, 2019, 3:13 a.m.
  • Length: 7:10

All games in this series

Show
View Real Time Build Order
Export as new Build Order

Time Terran - Winner!

Build Orders:  

Get SALT Encoding   

  12  0:00  SCV  
  13  0:13  SCV  
  14  0:18  Supply Depot  
  14  0:40  Barracks  
  14  0:42  Refinery  
  14  0:55  Barracks  
  14  1:00  SCV  
  15  1:12  SCV  
  16  1:27  Reaper  
  16  1:28  Orbital Command  
  17  1:34  Refinery  
  17  1:42  Reaper  
  18  1:48  Supply Depot  
  18  1:54  SCV  
  19  2:00  Reaper  
  20  2:06  SCV  
  21  2:15  Reaper  
  22  2:18  SCV  
  23  2:30  SCV  
  23  2:33  Reaper  
  25  2:42  SCV  
  26  2:47  Reaper  
  27  2:53  Factory  
  27  2:54  SCV  
  28  2:59  Supply Depot  
  28  3:06  SCV  
  29  3:18  SCV  
  28  3:30  SCV  
  28  3:33  Command Center  
  29  3:37  Factory Tech Lab, Starport  
  29  3:43  SCV  
  29  3:48  Supply Depot  
  30  3:55  SCV  
  31  3:56  Cyclone  
  34  4:03  Refinery  
  34  4:07  SCV  
  35  4:14  Starport Tech Lab  
  35  4:19  SCV  
  36  4:31  SCV  
  40  4:32  Raven  
  40  4:34  Siege Tank  
  42  4:43  SCV  
  42  4:44  Barracks Reactor  
  43  4:46  Orbital Command  
  43  4:55  Command Center  
  43  4:57  SCV  
  44  5:06  Siege Tank  
  47  5:09  SCV  
  47  5:12  SCV  
  49  5:21  Marine x2, SCV  
  49  5:23  Raven  
  49  5:24  SCV  
  49  5:26  Supply Depot  
  55  5:33  SCV  
  56  5:36  SCV  
  56  5:39  Marine x2  
  56  5:40  Siege Tank  
  62  5:48  SCV x2  
  64  5:51  Supply Depot  
  64  5:55  Refinery  
  64  5:59  Supply Depot  
  64  6:00  SCV x2  
  66  6:08  SCV  
  66  6:10  Marine  
  68  6:12  SCV x2  
  68  6:13  Siege Tank  
  73  6:21  Viking  
  73  6:22  Viking  
  77  6:32  Marine  
  78  6:37  SCV  
  78  6:40  SCV  
  78  6:44  SCV  
  79  6:49  SCV  
  79  6:52  SCV  
Show
View Real Time Build Order
Export as new Build Order

ShahriarDeMi Terran 

Build Orders:  

Get SALT Encoding   

  12  0:00  SCV  
  13  0:12  SCV  
  14  0:18  Supply Depot  
  14  0:24  SCV  
  15  0:29  Refinery  
  15  0:40  SCV  
  16  0:45  Barracks  
  16  0:52  SCV  
  17  0:59  Refinery  
  17  1:04  SCV  
  18  1:16  SCV  
  19  1:33  Reaper, Orbital Command  
  19  1:38  Factory  
  20  1:46  Supply Depot  
  20  2:00  SCV  
  21  2:05  Reaper  
  22  2:12  SCV  
  23  2:20  Bunker  
  23  2:24  Hellion, SCV  
  24  2:37  Reaper  
  25  2:47  Hellion  
  25  2:51  SCV  
  27  2:57  Supply Depot  
  27  2:59  Bunker  
  27  3:03  SCV  
  28  3:14  Starport  
  28  3:15  SCV  
  27  3:27  SCV  
  27  3:32  Factory Tech Lab  
  29  3:39  SCV  
  29  3:40  Barracks Reactor  
  29  3:51  SCV  
  33  4:01  Siege Tank, Viking  
  35  4:11  Supply Depot  
  35  4:16  Marine x2  
  37  4:20  Command Center  
  37  4:32  Medivac  
  37  4:34  Siege Tank  
  37  4:37  Marine  
  43  4:39  Marine  
  44  4:46  Supply Depot  
  44  4:55  Marine  
  44  4:57  Marine  
  46  5:07  Siege Tank  
  49  5:14  Starport Reactor  
  49  5:16  Marine x2, SCV  
  49  5:18  Supply Depot  
  52  5:34  Marine x2  
  54  5:38  SCV  
  54  5:41  Siege Tank  
  58  5:52  Marine x2  
  58  5:54  Orbital Command, SCV  
  58  5:56  Refinery  
  61  6:20  Siege Tank, Viking x2  
  68  6:31  Marine x2  
  70  6:35  SCV x2  
  67  6:47  SCV  
  67  6:49  Marine x2  
Tags
 
Add a new tag
Caveats
  • Supply blocks, unpowered buildings, or Contaminate may cause inaccurate times.
  • Supply counts are checked every 10 seconds.